 Dungeon Crawl Stone Soup version 0.21.1-1-g345015f (webtiles) character file.

25 glosham the Bolt Thrower (level 3, -4/18 HPs)
             Began as a Vine Stalker Hunter on May 31, 2018.
             Slain by a black bear (6 damage)
             ... on level 4 of the Dungeon.
             The game lasted 00:04:32 (220 turns).

glosham the Bolt Thrower (Vine Stalker Hunter)       Turns: 220, Time: 00:04:33

Health: -4/18      AC:  3    Str: 14    XL:     3   Next: 6%
Magic:  0/4        EV: 17    Int: 12    God:
Gold:   27         SH:  0    Dex: 19    Spells: 2/2 levels left

rFire    . . .     SeeInvis .     - Unarmed
rCold    . . .     Gourm    .   (no shield)
rNeg     . . .     Faith    .   d - +0 leather armour
rPois    .         Spirit   +   (no helmet)
rElec    .         Reflect  .   (no cloak)
rCorr    .         Harm     .   (no gloves)
MR       .....                  (no boots)
Stlth    +++.......             (no amulet)
HPRegen  0.06/turn              (no ring)
MPRegen  0.09/turn              (no ring)

@: agile
A: fangs 2, magic shield, antimagic bite, no potion heal 3, rot immunity
a: no special abilities


You were on level 4 of the Dungeon.
You were not hungry.

You visited 1 branch of the dungeon, and saw 4 of its levels.

You collected 27 gold pieces.

Inventory:

Hand Weapons
 b - a +1 hand crossbow
 c - a +0 short sword
Missiles
 a - 20 bolts
Armour
 d - a +0 leather armour (worn)
 e - a +0 chain mail
Scrolls
 j - a scroll of identify {unknown}
Comestibles
 f - 2 rations


   Skills:
 - Level 1.7 Fighting
 - Level 3.6 Crossbows
 - Level 1.5 Dodging
 - Level 1.2 Stealth
 * Level 2.6 Unarmed Combat


You had 2 spell levels left.
You didn't know any spells.

Dungeon Overview and Level Annotations

Branches:
Dungeon (4/15)
 Temple: D:4-7

Altars:
The Shining One


Innate Abilities, Weirdness & Mutations

You have extremely sharp teeth.
When hurt, damage is shared between your health and your magic reserves.
Your bite disrupts and absorbs the magic of your enemies.
Potions cannot restore your health.
You are immune to rotting.


Message History

You barely miss the black bear. The black bear bites you.
The black bear barely misses you. The black bear closely misses you.
You hit the black bear. You bite the black bear. You drain its power.
You feel invigorated.
The black bear is lightly wounded.
The black bear misses you. The black bear claws you.
The black bear closely misses you.
You barely miss the black bear.
You bite the black bear, but do no damage.
The black bear is lightly wounded.
The black bear barely misses you.
The black bear claws you but does no damage.
The black bear claws you.
You closely miss the black bear.
You bite the black bear, but do no damage.
The black bear is lightly wounded.
The black bear bites you.
The black bear claws you but does no damage.
The black bear closely misses you.
You barely miss the black bear. You bite the black bear. You drain its power.
You feel invigorated.
The black bear is moderately wounded.
The black bear bites you. The black bear misses you.
The black bear claws you but does no damage.
You barely miss the black bear. You bite the black bear. You drain its power.
You feel invigorated.
The black bear is heavily wounded.
The black bear barely misses you. The black bear claws you.
* * * LOW HITPOINT WARNING * * *
The black bear misses you.
You hit the black bear but do no damage.
Your bite misses the black bear.
The black bear is heavily wounded.
The black bear closely misses you. The black bear claws you.
* * * LOW HITPOINT WARNING * * *
The black bear claws you but does no damage.
You hit the black bear.
The black bear is heavily wounded.
The black bear bites you!
You die...

#.. #.# ## #.# ...
##.## #
..##..>##### .#
....... .# #.##
#.^.# .#....$ #@#
.#...r.
###h####.......
#.#..ao.a..#....<
###.#.#####..=.....
.....# #..######
#...# #.## .....#
#.# ..###.#####.#
#. #.......###


You could see a black bear, a worker ant and an orc (inner flame).

Vanquished Creatures
  An adder (D:2)
  An ooze (D:2)
  A leopard gecko (D:2)
  A giant cockroach (D:2)
  A goblin (D:2)
  A hobgoblin (D:2)
  A kobold (D:1)
  A quokka (D:4)
  A bat (D:2)
  A frilled lizard (D:2)
  2 rats (D:1)
12 creatures vanquished.

Notes
Turn   | Place    | Note
-------+----------+-------------------------------------------
     0 | D:1      | glosham the Vine Stalker Hunter began the quest for the Orb.
     0 | D:1      | Reached XP level 1. HP: 11/11 MP: 2/2
    47 | D:2      | Reached skill level 1 in Unarmed Combat
    47 | D:2      | Reached XP level 2. HP: 14/15 MP: 3/3
    50 | D:2      | Reached skill level 2 in Unarmed Combat
    60 | D:2      | Found a glowing golden altar of the Shining One.
   118 | D:2      | Reached XP level 3. HP: 14/18 MP: 4/4
   199 | D:4      | Noticed a black bear
   220 | D:4      | Slain by a black bear

Skill      XL: |  1  2 |
---------------+-------+-----
Unarmed Combat | 1 2 |  2.6
Fighting       | |  1.7
Crossbows      | |  3.6
Dodging        | |  1.5
Stealth        | |  1.2

Action                   || total
-------------------------++-------
Melee: Short sword       ||    14
       Bite              ||    13
       Unarmed           ||    19
 Fire: Hand crossbow     ||     2
  Use: Potion            ||     2
       Scroll            ||     1
Armor: Leather armour    ||     5
Dodge: Dodged            ||    22

Table legend:
 A = Turns spent in this place as a percentage of turns spent in the entire game.
 B = Non-inter-level travel turns spent in this place as a percentage of non-inter-level travel turns spent in the entire game.
 C = Inter-level travel turns spent in this place as a percentage of turns spent in this place.
 D = Turns resting spent in this place as a percentage of non-inter-level travel turns spent in this place.
 E = Turns spent auto-exploring this place as a percentage of non-inter-level travel turns spent in this place.
 F = Non-inter-level travel turns spent in this place divided by the number of levels of this place that you've seen.
                   A       B       C       D       E      F
               +-------+-------+-------+-------+-------+----------------------
         Total | 100.0 | 100.0 |   0.0 |   0.0 |   0.0 |  55.0
       Dungeon | 100.0 | 100.0 |   0.0 |   0.0 |   0.0 |  55.0
               +-------+-------+-------+-------+-------+----------------------

Table legend:
 A = Kills in this place as a percentage of kills in entire the game.
 B = Kills by you in this place as a percentage of kills by you in the entire game.
 C = Kills by friends in this place as a percentage of kills by friends in the entire game.
 D = Other kills in this place as a percentage of other kills in the entire game.
 E = Experience gained in this place as a percentage of experience gained in the entire game.
 F = Experience gained in this place divided by the number of levels of this place that you have seen.
                   A       B       C       D       E      F
               +-------+-------+-------+-------+-------+----------------------
         Total | 100.0 | 100.0 |   N/A |   N/A | 100.0 |   9.2
       Dungeon | 100.0 | 100.0 |   N/A |   N/A | 100.0 |   9.2
               +-------+-------+-------+-------+-------+----------------------

Vault maps used:
D:1:      minmay_arrival_three_doors
D:2:      tso_metal_star, first_ration, uniq_robin
D:3:      kb_xom_exploding_sheep
D:4:      minmay_temple_entry_glassed_door
